Map: Thunderbird LE

Players

Vindicta

  • Race: Terran Terran
  • Spawn Location: 5:00

Scarlett - Winner!

  • Race: Zerg Zerg
  • Spawn Location: 11:00

VOD

Have the link to the VOD?

Description

Time

  • Played on: Sept. 7, 2019, 9:27 a.m.
  • Length: 6:04
Show
View Real Time Build Order
Export as new Build Order

Vindicta Terran 

Build Orders: Reaper Expand 

Get SALT Encoding   

  12  0:00  SCV  
  13  0:12  SCV  
  14  0:17  Supply Depot  
  14  0:25  SCV  
  15  0:39  SCV  
  15  0:40  Barracks  
  16  0:43  Refinery  
  16  0:51  SCV  
  17  1:03  SCV  
  18  1:15  SCV  
  19  1:28  Orbital Command, Reaper  
  20  1:44  Command Center  
  20  1:52  Supply Depot  
  20  1:55  SCV  
  20  2:00  Marine  
  22  2:07  SCV  
  23  2:13  Factory  
  23  2:19  SCV  
  23  2:20  Barracks Reactor  
  24  2:31  SCV  
  25  2:43  SCV  
  26  2:49  Command Center  
  26  2:56  SCV, Orbital Command  
  27  3:08  SCV  
  27  3:09  Hellion x2  
  32  3:18  Starport  
  32  3:20  SCV  
  32  3:22  SCV  
  34  3:30  Hellion  
  34  3:31  Hellion  
  34  3:32  SCV  
  39  3:34  SCV  
  40  3:44  SCV  
  40  3:47  SCV  
  40  3:48  Refinery  
  42  3:49  Refinery  
  46  3:59  Starport Tech Lab  
  46  4:01  SCV x2  
  48  4:06  Fusion Core  
  48  4:13  SCV x2  
  48  4:16  Bunker, Orbital Command  
  45  4:17  Factory Tech Lab  
  45  4:18  Marine  
  45  4:21  Marine  
  47  4:28  Bunker  
  47  4:30  Banshee  
  50  4:31  SCV  
  50  4:32  SCV  
  50  4:35  Refinery  
  50  4:36  Marine, Siege Tank  
  56  4:39  Marine  
  56  4:41  SCV  
  56  4:44  SCV x2  
  60  4:52  Fusion Core  
  60  4:53  SCV  
  61  5:13  Supply Depot  
  61  5:14  Supply Depot  
  61  5:21  Marine x2, SCV  
  61  5:22  SCV  
  61  5:27  SCV  
  59  5:30  Siege Tank  
  59  5:34  SCV  
  55  5:39  Marine x2, SCV  
  51  5:43  SCV  
  51  5:46  SCV  
  41  5:51  SCV  
Show
View Real Time Build Order
Export as new Build Order

Scarlett Zerg - Winner!

Build Orders: Hatch First, Ravager All-In 

Get SALT Encoding   

  12  0:00  Drone  
  13  0:12  Overlord  
  13  0:16  Drone  
  14  0:30  Drone x2  
  16  0:47  Hatchery  
  15  0:51  Drone  
  15  0:54  Drone  
  17  0:57  Drone  
  18  1:08  Extractor  
  17  1:12  Spawning Pool  
  17  1:15  Drone  
  17  1:19  Drone  
  18  1:28  Drone  
  19  1:39  Drone  
  20  1:50  Overlord  
  20  1:59  Queen x2  
  20  2:01  Zergling x4  
  26  2:09  Metabolic Boost  
  26  2:10  Drone  
  26  2:11  Drone  
  28  2:20  Drone  
  28  2:21  Drone  
  30  2:31  Drone  
  30  2:32  Drone  
  30  2:35  Queen  
  34  2:47  Overlord, Drone  
  35  2:57  Hatchery  
  34  2:59  Drone  
  34  3:00  Drone  
  36  3:07  Drone x5  
  36  3:09  Drone  
  42  3:14  Overlord  
  42  3:19  Drone x2  
  44  3:25  Roach Warren  
  44  3:26  Extractor  
  42  3:27  Extractor  
  42  3:33  Overlord, Drone x2  
  43  3:38  Drone  
  43  3:39  Drone x2  
  43  3:41  Drone  
  47  3:42  Drone  
  47  3:44  Drone  
  49  3:49  Zergling x2  
  49  3:50  Zergling x2  
  49  3:51  Overlord  
  49  3:55  Overlord  
  51  4:10  Roach x3  
  51  4:13  Roach  
  51  4:16  Roach x4  
  67  4:26  Roach  
  67  4:27  Roach x3  
  67  4:28  Overlord  
  74  4:32  Ravager x2  
  74  4:35  Ravager, Overlord  
  74  4:37  Zergling x2  
  78  4:40  Zergling x2  
  79  4:46  Ravager, Zergling x2  
  79  4:47  Zergling x6  
  79  4:50  Zergling x4  
  86  4:53  Ravager  
  86  4:54  Zergling x2  
  86  4:58  Zergling x6  
  91  5:04  Ravager  
  91  5:05  Zergling x6  
  95  5:10  Overlord, Ravager  
  88  5:26  Zergling x16  
  86  5:29  Drone x5  
  86  5:31  Ravager  
  86  5:38  Drone  
  86  5:39  Drone  
  85  5:42  Ravager  
  85  5:44  Drone x3  
Tags
 
Add a new tag
Caveats
  • Supply blocks, unpowered buildings, or Contaminate may cause inaccurate times.
  • Supply counts are checked every 10 seconds.